 Dungeon Crawl Stone Soup version 0.24-a0-350-g5b3daab (webtiles) character file.

Game seed: 886351274021632387

125 CanOfBees the Chopper (level 4, -2/35 HPs)
             Began as a Demonspawn Gladiator on May 23, 2019.
             Succumbed to an orc wizard's poison
             ... on level 3 of the Dungeon.
             The game lasted 00:03:30 (2455 turns).

CanOfBees the Chopper (Demonspawn Gladiator)        Turns: 2455, Time: 00:03:31

Health: -2/35      AC:  8    Str: 15    XL:     4   Next: 82%
Magic:  4/4        EV: 12    Int:  9    God:
Gold:   129        SH:  0    Dex: 17    Spells: 3/3 levels left

rFire    . . .     SeeInvis +   a - +0 war axe
rCold    . . .     Gourm    +   (no shield)
rNeg     . . .     Faith    .   e - +0 ring mail
rPois    .         Spirit   .   c - +0 helmet
rElec    .         Reflect  .   (no cloak)
rCorr    .         Harm     .   y - +0 pair of gloves
MR       .....                  p - +0 pair of boots
Stlth    +.........             w - amulet of the gourmand
HPRegen  0.11/turn              g - +2 ring of dexterity
MPRegen  0.09/turn              o - ring of see invisible

@: lethally poisoned (-2 -> -34)
A: rot immunity
a: no special abilities


You were on level 3 of the Dungeon.
You were not hungry.

You visited 1 branch of the dungeon, and saw 3 of its levels.

You collected 129 gold pieces.

Inventory:

Hand Weapons
 a - a +0 war axe (weapon)
Missiles
 b - 23 poisoned darts (quivered)
 d - 3 throwing nets
 k - 103 stones
 m - 26 bolts
 s - 18 sling bullets
Armour
 c - a +0 helmet (worn)
 e - a +0 ring mail (worn)
 p - a +0 pair of boots (worn)
 y - a +0 pair of gloves (worn)
Jewellery
 g - a +2 ring of dexterity (left hand)
 o - a ring of see invisible (right hand)
 w - an amulet of the gourmand (around neck)
Scrolls
 q - a scroll of identify
 r - 3 scrolls of teleportation {unknown}
 t - 2 scrolls of fear {unknown}
 v - a scroll of remove curse {unknown}
 x - a scroll of enchant armour {unknown}
Potions
 h - a potion of heal wounds
 i - a potion of brilliance {unknown}
 j - a potion of flight {unknown}
 l - a potion of degeneration {unknown}
 n - a potion of lignification {unknown}
 u - 2 potions of agility {unknown}
 A - a potion of might {unknown}
Comestibles
 f - 9 rations


   Skills:
 + Level 3.0 Fighting
 + Level 3.4 Axes
 + Level 2.7 Throwing
 + Level 3.4 Dodging


You had 3 spell levels left.
You didn't know any spells.
Your spell library was empty.

Dungeon Overview and Level Annotations

Branches:
Dungeon (3/15)

Altars:
Hepliaklqana

Annotations:
D:3 3 runed translucent doors, Skryme's ghost, amateur DsNe


Innate Abilities, Weirdness & Mutations

You are immune to rotting.


Message History

You are more poisoned.
You hit the orc wizard but do no damage.
The orc wizard is heavily wounded.
You feel sick.
The orc wizard hits you but does no damage.
You are lethally poisoned!
The orc wizard casts a spell at you. The magic dart hits you.
* * * LOW HITPOINT WARNING * * *
You hit the orc wizard but do no damage.
The orc wizard is heavily wounded.
* * * LOW HITPOINT WARNING * * *
You feel very sick.
The orc wizard hits you with a +1 dagger of venom.
* * * LOW HITPOINT WARNING * * *
You are more poisoned.
You slash the orc wizard!
You kill the orc wizard!
Your Fighting skill increases to level 3!
You die...

..###....#.#.##
#......_......#
##.#.#....###.####
#.#.##...# #....#
#.#.)..### ####.#
#.####.# #.#
#......# #.#
#.####.# #.# #.##
#.# #@# ##.<# #.#
#)# .##.# #.# #o#
#.#.###.# #o#
#.......# #.#
#...)##.####. #.#
...รท).#...... ..#
..........# ###
#.....#......


You could see an orc priest and an orc.

Vanquished Creatures
  An orc wizard (D:3)
  5 adders
  A worm (D:3)
  A dart slug (D:1)
  8 orcs (D:3)
  7 bats
  5 giant cockroaches
  2 hobgoblins (D:1)
  4 jackals (D:3)
  3 frilled lizards
  3 goblins
  A kobold (D:1)
  4 rats
45 creatures vanquished.

Vanquished Creatures (others)
  3 plants (D:3)
3 creatures vanquished.

Grand Total: 48 creatures vanquished

Notes
Turn   | Place    | Note
-------+----------+-------------------------------------------
     0 | D:1      | CanOfBees the Demonspawn Gladiator began the quest for the
                  | Orb.
     0 | D:1      | Reached XP level 1. HP: 16/16 MP: 1/1
   484 | D:1      | Gained mutation: You are immune to rotting. [demonic
                  | ancestry]
   484 | D:1      | Reached XP level 2. HP: 22/22 MP: 2/2
  1014 | D:2      | Reached XP level 3. HP: 25/28 MP: 3/3
  1577 | D:3      | Reached XP level 4. HP: 28/34 MP: 4/4
  2091 | D:3      | Found a runed translucent gate.
  2091 | D:3      | Found a runed translucent gate.
  2092 | D:3      | Found a runed translucent gate.
  2092 | D:3      | Noticed a big kobold
  2092 | D:3      | Noticed Skryme's ghost (amateur DsNe)
  2092 | D:3      | Identified the +5 short sword "Oshroxt" {pain, rF+ rN+}
  2367 | D:3      | Found a hazy altar of Hepliaklqana.
  2454 | D:3      | HP: 1/34 [orc wizard/+1 dagger of venom (5)]
  2455 | D:3      | Succumbed to an orc wizard's poison

Levels and vault maps discovered:
D:1:      dpeg_arrival_more_subterranean_lakeside_camping, layout_loops_ring
D:2:      layout_rooms
D:3:      layout_loops_ring, nicolae_overflow_crystal_walls,
          gammafunk_ghost_nasty_kobolds, first_ration, uniq_ijyb

Skill      XL: |  1  2  3  4 |
---------------+-------------+-----
Throwing       | 2 |  2.7
Axes           | 3 |  3.4
Dodging        | 3 |  3.4
Fighting       | 3 |  3.0

Action                   |  1- 3 |  4- 6 || total
-------------------------+-------+-------++-------
Melee: War axe           |    82 |    72 ||   154
Throw: Dart              |    11 |     1 ||    12
  Use: Scroll            |       |     1 ||     1
       Potion            |       |     1 ||     1
 Stab: Sleeping          |       |     1 ||     1
  Eat: Chunk             |     2 |     9 ||    11
Armor: Ring mail         |    39 |    31 ||    70
Dodge: Dodged            |    80 |    49 ||   129

Table legend:
 A = Non-vault XP
 B = Vault XP
 C = Vault XP percentage of total XP
 D = Non-vault monster count
 E = Vault monster count
 F = Vault count percentage of total count
                 A         B        C        D         E       F
            +---------+---------+-------+---------+---------+-------
      Total |     179 |       0 |   0.0 |      45 |       0 |   0.0
            +---------+---------+-------+---------+---------+-------
        D:1 |      20 |       0 |   0.0 |      12 |       0 |   0.0
        D:2 |      34 |       0 |   0.0 |       7 |       0 |   0.0
        D:3 |     125 |       0 |   0.0 |      26 |       0 |   0.0
            +---------+---------+-------+---------+---------+-------
